 Dungeon Crawl Stone Soup version 0.22-a0-374-g5dfd9e3 (webtiles) character file.

29165 iamserjio the Nimble (level 13, -1/84 HPs)
             Began as a Kobold Hunter on Apr 25, 2018.
             Was an Elder of Okawaru.
             Slain by an entropy weaver (15 damage)
             ... on level 5 of the Lair of Beasts on Apr 26, 2018.
             The game lasted 01:18:33 (19165 turns).

iamserjio the Nimble (Kobold Hunter)               Turns: 19165, Time: 01:18:34

Health: -1/84      AC:  0    Str: 21    XL:     13   Next: 79%
Magic:  21/26      EV: 26    Int: 15    God:    Okawaru [****..]
Gold:   881        SH:  6    Dex: 15    Spells: 15/18 levels left

rFire    . . .     SeeInvis .   U - +9 short sword "Qyghism" {vamp, rElec rN+ MR+ Str-5}
rCold    x . .     Gourm    .   F - +0 buckler
rNeg     + . .     Faith    .   G - +1 ring mail of Evolution {rC- rCorr MP+9 Str+7}
rPois    .         Spirit   .   c - +1 helmet {Int+3}
rElec    +         Reflect  .   u - +0 cloak
rCorr    +         Harm     .   O - +0 pair of gloves
MR       +....                  (no boots)
Stlth    +++.......             (no amulet)
HPRegen  0.24/turn              q - +4 ring of strength
MPRegen  0.20/turn              g - +3 ring of evasion

@: corroded
A: small, carnivore
a: Heroism, Renounce Religion


You were on level 5 of the Lair of Beasts.
You worshipped Okawaru.
Okawaru was greatly pleased with you.
You were very full.

You visited 4 branches of the dungeon, and saw 19 of its levels.

You collected 1160 gold pieces.
You spent 279 gold pieces at shops.

Inventory:

Hand Weapons
 a - a +2 hand crossbow
 b - a +3 mace
 d - a +2 dagger of protection
 E - a +1 spear of venom
 M - a +0 long sword of electrocution
 U - the +9 short sword "Qyghism" (weapon) {vamp, rElec rN+ MR+ Str-5}
   (Okawaru gifted it to you on level 4 of the Lair of Beasts)

   It inflicts no extra harm, but heals its wielder when it wounds a living foe.
   It affects your strength (-5).
   It insulates you from electricity.
   It protects you from negative energy.
   It affects your resistance to hostile enchantments.
Missiles
 v - 2 throwing nets (quivered)
 D - 40 bolts
Armour
 c - a +1 helmet of intelligence (worn)
 u - a +0 cloak (worn)
 A - the +1 leather armour of the Insatiable Eyes {rF++ rC+ Regen+ SInv}
   (You found it on level 4 of the Dungeon)

   It greatly protects you from fire.
   It protects you from cold.
   It lets you see invisible.
   It increases your rate of regeneration.
 F - a +0 buckler (worn)
 G - the +1 ring mail of Evolution (worn) {rC- rCorr MP+9 Str+7}
   (You found it on level 4 of the Lair of Beasts)

   It affects your strength (+7).
   It makes you vulnerable to cold.
   It affects your magic capacity (+9).
   It protects you from acid and corrosion.
 O - a +0 pair of gloves (worn)
 S - +0 pearl dragon scales
Jewellery
 g - a +3 ring of evasion (right hand)
 q - a +4 ring of strength (left hand)
 s - an uncursed ring of protection from fire
 y - an uncursed ring of positive energy
 H - an uncursed ring of wizardry
 I - an uncursed ring of fire
Wands
 P - a wand of paralysis (16)
 Q - a wand of polymorph (10)
Scrolls
 e - 2 scrolls of remove curse
 l - 2 scrolls of amnesia
 n - 13 scrolls of teleportation
 o - 6 scrolls of magic mapping
 p - a scroll of immolation
 t - 6 scrolls of fog
 J - a scroll of blinking
 K - 2 scrolls of enchant armour
 N - 3 scrolls of enchant weapon
 R - a scroll of acquirement
Potions
 i - 2 potions of cancellation {unknown}
 j - 2 potions of flight {unknown}
 k - a potion of berserk rage {unknown}
 m - a potion of degeneration {unknown}
 r - 3 potions of haste
 w - 5 potions of might
 x - 2 potions of curing
 z - 2 potions of agility
 B - a potion of magic
 C - 2 potions of brilliance
Comestibles
 f - 61 rations


   Skills:
 + Level 11.5 Fighting
 + Level 3.5 Short Blades
 - Level 10.0 Crossbows
 - Level 7.0 Armour
 * Level 14.1 Dodging
 - Level 7.0 Stealth
 * Level 3.8 Shields
 - Level 3.0 Spellcasting
 * Level 4.8 Hexes
 - Level 5.0 Invocations
 - Level 5.0 Evocations


You had 15 spell levels left.
You knew the following spells:

 Your Spells              Type           Power        Failure   Level  Hunger
a - Confuse               Hex            ###.....     14%         3    ###....


Dungeon Overview and Level Annotations

Branches:
Dungeon (11/15)            Temple (1/1) D:4            Lair (6/6) D:9
  Swamp (0/4) Lair:2        Snake (0/4) Lair:3        Slime (0/5) Lair:5
    Orc (1/2) D:9

Altars:
Ashenzari
Cheibriados
Dithmenos
Elyvilon
Kikubaaqudgha
Makhleb
Okawaru
Qazlal
Sif Muna
Trog
Uskayaw
Wu Jian
Yredelemnul
Zin
The Shining One

Shops:
D:7 ([


Innate Abilities, Weirdness & Mutations

You are small and have problems with some larger weapons.
You are carnivorous and can eat meat at any time.


Message History

The entropy weaver completely misses you.
The entropy weaver hits you. The entropy weaver barely misses you.
The entropy weaver hits you!
The entropy weaver casts a spell.
The entropic weave corrodes you!
The entropy weaver mumbles some strange words.
The entropic weave corrodes you!
The entropy weaver gestures wildly while chanting.
The entropic weave corrodes you!
The entropy weaver mumbles some strange words.
There is an open door here.
There is an escape hatch in the ceiling here.
The elephant tramples you!!
* * * LOW HITPOINT WARNING * * *
You stumble backwards!
The elephant closely misses you. The elephant completely misses you.
You see here a chain mail.
You block the entropy weaver's attack. The entropy weaver closely misses you.
The entropy weaver hits you!
You die...

##..................
#P..................
##........#.........
#P..................
#P........#.........
#...................
#...P..+.###P..###.#
###.....## ##...#### #
###P@#...# #[..##
#.#.#Ya...#.# ##...##
#....[...### #....#
##.......# ####.###
#.......# ##.###...##
##.....<.###.###P..#..
#.........P..#.....P..
#.#.......'............
###.......##...#P....##


You could see an entropy weaver and an elephant.

Vanquished Creatures
  An entropy weaver (Lair:5)
  4 hydras
  A two-headed ogre (D:10)
  A queen ant (Lair:5)
  2 unseen horrors
  4 oklob plants (Lair:4)
  4 elephants (Lair:4)
  2 black mambas
  Maurice (D:10)
  8 spiny frogs
  2 rime drakes
  2 komodo dragons
  The ghost of iamserjio the Quickloader, a novice KoHu (D:4)
  A polar bear (Lair:4)
  A queen bee (D:10)
  4 dream sheep (Lair:4)
  A hornet (D:11)
  A hippogriff (Lair:4)
  4 blink frogs
  A wyvern (D:10)
  A wraith (D:9)
  15 yaks
  A spriggan (D:7)
  3 basilisks
  Menkaure (D:7)
  Edmund (D:6)
  13 soldier ants (Lair:5)
  6 water moccasins
  8 porcupines
  4 orc warriors
  A sky beast (D:8)
  4 ice beasts
  3 black bears
  2 necrophages (D:9)
  A phantom (D:6)
  3 ogres
  A centaur (D:7)
  14 crocodiles
  3 big kobolds
  13 bullfrogs
  An elf skeleton (D:9)
  A gnoll sergeant (D:5)
  2 scorpions
  25 killer bees (D:10)
  3 wights (D:8)
  An electric eel (Lair:2)
  7 crimson imps
  2 bullfrog zombies
  4 hounds
  2 bullfrog skeletons
  A centaur zombie (D:8)
  2 human zombies (D:9)
  2 jellies (D:5)
  6 orc priests
  6 orc wizards
  Jessica (D:3)
  5 iguanas
  4 human skeletons (D:9)
  27 worker ants
  A hound skeleton (D:4)
  2 mummies (D:9)
  2 worker ant zombies
  9 adders
  10 gnolls
  2 shadow imps
  2 oozes
  An adder zombie (D:7)
  2 worms (D:4)
  12 dart slugs
  3 leopard geckos
  21 orcs
  A bat (D:3)
  3 giant cockroaches
  11 goblins
  10 hobgoblins
  11 jackals
  3 quokkas
  2 ball pythons
  A ball python skeleton (D:5)
  8 frilled lizards
  21 kobolds
  2 leopard gecko zombies
  A quokka zombie (D:5)
  6 rats
  2 plants
395 creatures vanquished.

Vanquished Creatures (others)
  10 fungi (Lair:5)
  4 plants
14 creatures vanquished.

Grand Total: 409 creatures vanquished

Notes
Turn   | Place    | Note
-------+----------+-------------------------------------------
     0 | D:1      | iamserjio the Kobold Hunter began the quest for the Orb.
     0 | D:1      | Reached XP level 1. HP: 12/12 MP: 1/1
    91 | D:1      | Reached skill level 5 in Crossbows
   109 | D:1      | Reached XP level 2. HP: 17/17 MP: 2/2
   415 | D:1      | Reached skill level 3 in Dodging
   471 | D:1      | Reached XP level 3. HP: 21/21 MP: 3/3
   918 | D:2      | Reached XP level 4. HP: 26/26 MP: 4/4
  1692 | D:3      | Noticed Jessica
  1693 | D:3      | Found a hide-covered altar of Uskayaw.
  1700 | D:3      | Killed Jessica
  1700 | D:3      | Reached XP level 5. HP: 30/30 MP: 5/5
  1776 | D:3      | Reached skill level 4 in Dodging
  2821 | D:4      | Got an ichor-stained leather armour
  2912 | D:4      | Found a staircase to the Ecumenical Temple.
  2926 | Temple   | Entered the Ecumenical Temple
  3001 | Temple   | Became a worshipper of Warmaster Okawaru
  3241 | D:3      | Reached XP level 6. HP: 8/35 MP: 6/6
  3562 | D:3      | Identified the +1 leather armour of the Insatiable Eyes {rF++ rC+ Regen+ SInv} (You found it on level 4 of the Dungeon)
  3667 | D:4      | Noticed iamserjio's ghost (novice KoHu)
  3769 | D:4      | Killed iamserjio's ghost
  3769 | D:4      | Reached * piety under Okawaru
  3769 | D:4      | Reached skill level 1 in Armour
  3769 | D:4      | Reached skill level 5 in Dodging
  3769 | D:4      | Reached XP level 7. HP: 9/40 MP: 7/7
  3922 | D:4      | Found a glowing silver altar of Zin.
  4275 | D:4      | Found a snail-covered altar of Cheibriados.
  4811 | D:5      | Entered Level 5 of the Dungeon
  4933 | D:5      | Reached XP level 8. HP: 38/44 MP: 8/8
  5034 | D:5      | Found a shadowy altar of Dithmenos.
  5275 | D:5      | Reached ** piety under Okawaru
  5691 | D:5      | Found a burning altar of Makhleb.
  5691 | D:5      | Noticed a balrug
  6104 | D:6      | Reached skill level 5 in Stealth
  6111 | D:6      | Reached skill level 6 in Dodging
  6182 | D:6      | Noticed Edmund
  6214 | D:6      | Found an ornate altar of the Wu Jian Council.
  7057 | D:6      | Killed Edmund
  7057 | D:6      | Reached XP level 9. HP: 48/48 MP: 6/9
  7226 | D:7      | Reached skill level 10 in Crossbows
  7249 | D:7      | Found a shattered altar of Ashenzari.
  7273 | D:7      | Found Peon Vid's Weapon Shoppe.
  7282 | D:7      | Bought a +0 long sword of electrocution for 107 gold pieces
  7332 | D:7      | Reached skill level 1 in Evocations
  7401 | D:7      | Reached skill level 1 in Invocations
  7628 | D:7      | Reached *** piety under Okawaru
  7658 | D:7      | Noticed Menkaure
  7665 | D:7      | Killed Menkaure
  7951 | D:7      | Found Soeven's Armour Shoppe.
  7967 | D:7      | Bought a +0 helmet of intelligence for 172 gold pieces
  8362 | D:8      | Noticed an unseen horror
  8379 | D:8      | Reached XP level 10. HP: 36/58 MP: 9/12
  8382 | D:8      | Killed an unseen horror
  8382 | D:8      | Reached **** piety under Okawaru
  8382 | D:8      | Reached skill level 5 in Fighting
  8382 | D:8      | Reached skill level 7 in Dodging
  8640 | D:8      | Reached skill level 8 in Dodging
  9048 | D:9      | Found a white marble altar of Elyvilon.
  9119 | D:9      | Found a staircase to the Lair.
  9440 | D:9      | Found a basalt altar of Yredelemnul.
  9446 | D:9      | Received a gift from Okawaru
  9554 | D:9      | Found a staircase to the Orcish Mines.
  9659 | D:10     | Entered Level 10 of the Dungeon
  9713 | D:10     | Noticed an unseen horror
  9724 | D:10     | Killed an unseen horror
  9724 | D:10     | Reached ***** piety under Okawaru
  9724 | D:10     | Received a gift from Okawaru
  9724 | D:10     | Reached skill level 9 in Dodging
  9837 | D:10     | Received a gift from Okawaru
  9837 | D:10     | Reached XP level 11. HP: 67/67 MP: 14/14
  9845 | D:10     | Reached skill level 5 in Armour
  9887 | D:10     | Noticed a two-headed ogre
  9905 | D:10     | Killed a two-headed ogre
  9932 | D:10     | Reached skill level 10 in Dodging
 10045 | D:10     | Received a gift from Okawaru
 10159 | D:10     | Noticed Maurice
 10184 | D:10     | Killed Maurice
 10699 | D:10     | Reached skill level 11 in Dodging
 10831 | D:11     | Found a stormy altar of Qazlal.
 10853 | D:11     | Noticed a brown ugly thing
 10945 | D:11     | Received a gift from Okawaru
 11200 | Lair:1   | Entered Level 1 of the Lair of Beasts
 11243 | Orc:1    | Entered Level 1 of the Orcish Mines
 11243 | Orc:1    | Noticed an orc warlord
 11459 | Lair:1   | Reached XP level 12. HP: 77/77 MP: 15/15
 11519 | Lair:1   | Reached skill level 10 in Fighting
 11704 | Lair:1   | Noticed a seven-headed hydra
 11779 | Lair:1   | Killed a seven-headed hydra
 12885 | Lair:2   | Reached skill level 12 in Dodging
 13019 | Lair:2   | Reached skill level 5 in Invocations
 13229 | Lair:2   | Found a staircase to the Swamp.
 13938 | Lair:3   | Reached skill level 5 in Evocations
 13989 | Lair:3   | Learned a level 3 spell: Confuse
 14091 | Lair:3   | Reached skill level 1 in Hexes
 14402 | Lair:3   | Reached skill level 1 in Spellcasting
 14663 | Lair:3   | Found a staircase to the Snake Pit.
 14767 | Lair:3   | Received a gift from Okawaru
 14975 | Lair:4   | Got a jewelled ring mail
 15008 | Lair:4   | Identified the cursed +1 ring mail of Evolution {rC- rCorr MP+9 Str+7} (You found it on level 4 of the Lair of Beasts)
 15025 | Lair:4   | Noticed a four-headed hydra
 15035 | Lair:4   | Killed a four-headed hydra
 15035 | Lair:4   | Reached skill level 13 in Dodging
 15193 | Lair:4   | Received a gift from Okawaru
 15194 | Lair:4   | Got a steaming short sword {god gift}
 15511 | Lair:3   | Identified the +9 short sword "Qyghism" {vamp, rElec rN+ MR+ Str-5} (Okawaru gifted it to you on level 4 of the Lair of Beasts)
 15565 | Lair:4   | Reached skill level 1 in Short Blades
 15572 | Lair:4   | Reached XP level 13. HP: 84/84 MP: 17/17
 16069 | Lair:4   | Reached skill level 1 in Shields
 16653 | Lair:4   | Got a scorched plate armour
 16794 | Lair:5   | Got a smoking ring mail
 16815 | Lair:6   | Entered Level 6 of the Lair of Beasts
 16832 | Lair:4   | Identified the +5 ring mail "Yfrunefu" {MP+9} (You found it on level 5 of the Lair of Beasts)
 16842 | Lair:4   | Identified the cursed +1 plate armour of Bubbula {Int+3} (You found it on level 4 of the Lair of Beasts)
 16853 | Lair:4   | Identified a scroll of acquirement
 17147 | Lair:5   | Noticed a four-headed hydra
 17158 | Lair:5   | Killed a four-headed hydra
 17192 | Lair:5   | Noticed an eight-headed hydra
 17213 | Lair:5   | Killed an eight-headed hydra
 17309 | Lair:4   | Received a gift from Okawaru
 17341 | Lair:4   | Upgraded the game from 0.22-a0-373-gab1296c to 0.22-a0-374-g5dfd9e3
 17620 | Lair:5   | Found a staircase to the Slime Pits.
 18034 | Lair:5   | Reached skill level 14 in Dodging
 18043 | Lair:5   | Noticed an entropy weaver
 18995 | Lair:5   | Killed an entropy weaver
 19053 | Lair:6   | Noticed a five-headed hydra
 19137 | Lair:5   | Noticed an entropy weaver
 19165 | Lair:5   | Slain by an entropy weaver

Vault maps used:
D:1:      noname_arrival_rooms_in_the_neighbourhood
D:3:      eat_drink_and_be_merry_uskayaw, minmay_lizard_king, uniq_jessica
D:4:      kennysheep_slugbush, kennysheep_mini, kennysheep_slug_shrine,
          minmay_temple_entry_junction_2, first_ration,
          kennysheep_generic_room_10
D:5:      makhleb_altar_promises_db, grunt_dithmenos_smoke_and_mirrors,
          water_boxes_lemuel
D:6:      overflow_temple_1_default, uniq_edmund
D:7:      black_bear_nest_2, ashenzari_conservatory_becter, serial_shops,
          nicolae_shop_stone, minmay_misc_feat_plants, the_bakery,
          grunt_decor_cap, kennysheep_windowed_goal, uniq_menkaure
D:9:      lemuel_mausoleum_altar_yredelemnul, marbit_many_paths,
          lair_entry_dummy, orc_0_dummy, columned_hall_lemuel
D:10:     amethyst_killhole, uniq_maurice
D:11:     minmay_the_grid_octo_tiled_squarecenter_mashed, basic_altar
Temple:   nicolae_temple_figure_eight
Lair:2:   swamp_mist, guppyfry_lair_drakes, grunt_megastairs_3,
          serial_bayou_shore_a
Lair:4:   lemuel_fruit_fields, minmay_lair_oklob_chamber, grunt_megastairs_4,
          lemuel_fruit_tree
Lair:5:   slime_dummy, zaba_antful_of_joy
Lair:6:   minmay_lair_end_enchanted_forest, kennysheep_basilisk_garden
Orc:1:    serial_shops, nicolae_shop_behind_doors, uniq_urug, uniq_erica

Skill      XL: |  1  2  3  4  5  6  7  8  9 10 11 12 13 |
---------------+----------------------------------------+-----
Crossbows      | 5 6 7 8 9 10 | 10.0
Dodging        | 3 4 5 6 9 11 13 14 | 14.1
Armour         | 1 2 3 4 6 7 |  7.0
Stealth        | 3 6 7 |  7.0
Evocations     | 3 5 |  5.0
Invocations    | 3 4 5 |  5.0
Fighting       | 4 7 9 11 | 11.5
Hexes          | 2 4 |  4.8
Spellcasting   | 2 3 |  3.0
Short Blades   | 1 3 |  3.5
Shields        | 3 |  3.8

Action                   |  1- 3 |  4- 6 |  7- 9 | 10-12 | 13-15 || total
-------------------------+-------+-------+-------+-------+-------++-------
Melee: Short sword       |       |   121 |       |    22 |   191 ||   334
       Dagger            |       |    73 |   278 |     2 |     6 ||   359
       Spear             |       |       |    17 |       |       ||    17
       Long sword        |       |       |       |   148 |    54 ||   202
       Unarmed           |       |       |       |    13 |       ||    13
       Punch             |       |       |       |     3 |       ||     3
       Mace              |       |       |       |    10 |       ||    10
 Fire: Hand crossbow     |    53 |    58 |   214 |   539 |    80 ||   944
 Cast: Confuse           |       |       |       |       |    26 ||    26
Invok: Heroism           |       |       |     8 |    25 |    12 ||    45
Evoke: Wand              |       |       |       |     7 |    67 ||    74
  Use: Potion            |       |     4 |     1 |     7 |     1 ||    13
       Scroll            |       |     6 |     4 |     8 |     5 ||    23
 Stab: Sleeping          |       |     3 |     5 |     4 |       ||    12
       Paralysed         |       |       |       |     2 |     6 ||     8
       Confused          |       |       |       |       |     7 ||     7
  Eat: Ration            |       |     1 |       |       |       ||     1
       Chunk             |       |     9 |    26 |    22 |    23 ||    80
Armor: Leather armour    |     2 |    29 |    64 |    28 |     2 ||   125
       Skin              |       |    25 |       |    15 |       ||    40
       Pearl dragon scal |       |       |       |    45 |       ||    45
       Ring mail         |       |       |       |     1 |    48 ||    49
Dodge: Dodged            |    10 |   114 |   326 |   593 |   345 ||  1388
Block: Buckler           |       |       |       |       |    55 ||    55
       Rpst.: Long sword |       |       |       |    61 |    21 ||    82

Table legend:
 A = Spawn XP
 B = Non-spawn XP
 C = Spawn XP percentage of total XP
 D = Spawn monster count
 E = Non-spawn monster count
 F = Spawn count percentage of total count
 G = Total turns spent on level
                    A         B        C        D         E        F      G
               +---------+---------+-------+---------+---------+-------+---------
         Total |       0 |   41665 |   0.0 |       0 |     393 |   0.0 | 19165
               +---------+---------+-------+---------+---------+-------+---------
           D:1 |       0 |      33 |   0.0 |       0 |      19 |   0.0 |   647
           D:2 |       0 |      70 |   0.0 |       0 |      17 |   0.0 |   876
           D:3 |       0 |     145 |   0.0 |       0 |      30 |   0.0 |  1811
           D:4 |       0 |     713 |   0.0 |       0 |      30 |   0.0 |  1384
           D:5 |       0 |     403 |   0.0 |       0 |      17 |   0.0 |  1290
           D:6 |       0 |     735 |   0.0 |       0 |      17 |   0.0 |   998
           D:7 |       0 |    1316 |   0.0 |       0 |      21 |   0.0 |   970
           D:8 |       0 |    1929 |   0.0 |       0 |      21 |   0.0 |   782
           D:9 |       0 |    1199 |   0.0 |       0 |      29 |   0.0 |   973
          D:10 |       0 |    6724 |   0.0 |       0 |      58 |   0.0 |  1199
          D:11 |       0 |    1504 |   0.0 |       0 |      18 |   0.0 |   292
        Lair:1 |       0 |    2480 |   0.0 |       0 |       7 |   0.0 |  1212
        Lair:2 |       0 |    3523 |   0.0 |       0 |      19 |   0.0 |  1342
        Lair:3 |       0 |    3027 |   0.0 |       0 |      14 |   0.0 |  1351
        Lair:4 |       0 |    8628 |   0.0 |       0 |      26 |   0.0 |  2075
        Lair:5 |       0 |    9236 |   0.0 |       0 |      50 |   0.0 |  1864
               +---------+---------+-------+---------+---------+-------+---------
